 Dungeon Crawl Stone Soup version 0.30-b1-2-g02819fbbbe (webtiles) character file.

Game seed: 3009346437503415649

121148 Batma the Severer (level 16, -5/154 (157) HPs)
             Began as a Minotaur Berserker on June 14, 2023.
             Was the Champion of Trog.
             Killed from afar by a deep elf zephyrmancer (27 damage)
             ... with a bolt of lightning
             ... on level 3 of the Elven Halls.
             The game lasted 01:39:54 (22946 turns).

Batma the Severer (Minotaur Berserker)             Turns: 22946, Time: 01:39:55

HP:   -5/154 (157)  AC: 31    Str: 29    XL:     16   Next: 31%
MP:   15/15         EV: 10    Int:  4    God:    Trog [******]
Gold: 403           SH:  4    Dex: 11    Spells: 15/15 levels left

rFire   + . .        Q - +16 obsidian axe {drain, demonic, Mesm Drain Fly SInv}
rCold   . . .        u - +0 buckler
rNeg    . . .        e - +11 plate armour of the Special Coins {Stlth+}
rPois   .            L - +0 hat {Stlth+}
rElec   .            w - +0 cloak
rCorr   .            (no gloves)
SInv    +            O - +0 pair of boots
Will    ++++.        b - amulet of Noigeis {Acrobat Slay+5} Stlth
                     X - ring of protection from fire
HPRegen 1.45/turn    n - ring of willpower
MPRegen 0.14/turn

%: acrobat
@: silenced, strong-willed, flying, mesmerised, regenerating, lightly drained
A: horns 2, retaliatory headbutt
a: Renounce Religion


You were on level 3 of the Elven Halls.
You worshipped Trog.
Trog was exalted by your worship.
You visited 5 branches of the dungeon, and saw 22 of its levels.
You also visited: Sewer.

You collected 2365 gold pieces.
You spent 1962 gold pieces at shops.

Inventory:

Hand Weapons
 f - a +0 sling
 D - a +6 flail
 E - a +4 dire flail of freezing
 J - a +2 whip of electrocution
 Q - the +16 obsidian axe (weapon) {drain, demonic, Mesm Drain Fly SInv}
   (You took it off a wight on level 9 of the Dungeon)

   Mesm:      Its wielder is mesmerised by any visible foes, and it cannot be
   unequipped while any foes are visible.
   SInv:      It lets you see invisible.
   Fly:       It grants you flight.
   Drain:     It drains your maximum health when unequipped.
 V - a +5 antimagic spear
Missiles
 l - 115 stones (quivered)
 v - 2 boomerangs of dispersal
 z - 6 poisoned darts
 H - 19 boomerangs
 M - a throwing net
Armour
 e - the +11 plate armour of the Special Coins (worn) {Stlth+}
   (You acquired it on level 4 of the Lair of Beasts)

   Stlth:     It makes you more stealthy.
 m - a +1 chain mail
 q - a +4 scale mail of fire resistance
 u - a +0 buckler (worn)
 w - a +0 cloak (worn)
 K - +0 steam dragon scales
 L - a +0 hat of stealth (worn)
 O - a +0 pair of boots (worn)
 W - the +4 scale mail of the Lion {rN+ Str+3 SInv Stlth+}
   (You found it on level 10 of the Dungeon)

   Str:       It affects your strength (+3).
   rN:        It protects you from negative energy.
   SInv:      It lets you see invisible.
   Stlth:     It makes you more stealthy.
Jewellery
 b - the amulet of Noigeis (around neck) {Acrobat Slay+5}
   (You bought it in a shop on level 2 of the Orcish Mines)

   [amulet of the acrobat]

   It increases your evasion while moving and waiting.
   Slay:      It affects your accuracy & damage with ranged weapons and melee
   (+5).
 h - a ring of see invisible
 n - a ring of willpower (right hand)
 p - a ring of magical power
 x - a ring of resist corrosion
 G - a ring of positive energy
 P - a +6 ring of strength
 U - the ring "Niesuh" {rC+ SInv}
   (You found it on level 10 of the Dungeon)

   [ring of see invisible]

   rC:        It protects you from cold.
   SInv:      It lets you see invisible.
 X - a ring of protection from fire (left hand)
Wands
 r - a wand of mindburst (18)
 y - a wand of charming (7)
 F - a wand of polymorph (20)
 T - a wand of flame (10)
Scrolls
 a - 2 scrolls of fear
 c - 10 scrolls of identify
 i - 10 scrolls of teleportation
 k - 4 scrolls of poison
 o - 6 scrolls of enchant weapon
 t - 2 scrolls of enchant armour
 A - 4 scrolls of fog
 C - 2 scrolls of immolation
 N - a scroll of silence
 Y - a scroll of blinking
 Z - a scroll of summoning
Potions
 d - 2 potions of lignification
 g - 7 potions of curing
 j - 5 potions of flight
 s - 3 potions of heal wounds
 B - 2 potions of ambrosia
 I - a potion of resistance {unknown}
 R - 5 potions of might
 S - 2 potions of magic


   Skills:
 + Level 18.0 Fighting
 + Level 19.6(21.3) Axes
 + Level 14.5(18.9) Maces & Flails
 + Level 3.5 Throwing
 + Level 15.5 Armour
 + Level 7.8 Dodging
 - Level 5.0 Stealth
 + Level 2.1 Shields


You had 15 spell levels left.
You didn't know any spells.
Your spell library was empty.

Dungeon Overview and Level Annotations

Branches:
Dungeon (11/15)            Temple (1/1) D:6            Lair (5/5) D:11
 Shoals (0/4) Lair:2       Spider (0/4) Lair:3        Slime (0/5) Lair:4
    Orc (2/2) D:10            Elf (3/3) Orc:2         Sewer (visited)

Altars:
Ashenzari
Cheibriados
Dithmenos
Elyvilon
Fedhas
Gozag
Hepliaklqana
Kikubaaqudgha
Makhleb
Nemelex Xobeh
Okawaru
Qazlal
Ru
Sif Muna
Trog
Uskayaw
Vehumet
Wu Jian
Xom
Yredelemnul
Zin
The Shining One

Shops:
D:4 (   D:6 :   D:8 [[   Orc:2 =(*:(=   Elf:2 *   Elf:3 ::=

Annotations:
Lair:2 exclusion: 2 oklob plants
Lair:4 1 runed translucent door
Lair:5 exclusion: obsidian statue


Innate Abilities, Weirdness & Mutations

You have a pair of horns on your head.
You reflexively headbutt those who attack you in melee.


Message History

Visions of slaying the deep elf sorcerer flood into your mind.
You barely miss the deep elf sorcerer.
The deep elf sorcerer is almost dead.
The deep elf sorcerer completely misses you.
The deep elf death mage points at you and mumbles some strange words.
The bolt of negative energy hits your soul eater.
Your soul eater completely resists.
The bolt of negative energy hits you!
You feel drained.
* * * LOW HITPOINT WARNING * * *
The deep elf demonologist gestures wildly while chanting.
Your hellwing misses the deep elf death mage.
Your hellwing closely misses the deep elf death mage.
You slice the deep elf sorcerer like a ripe choko!!!
You are no longer entranced.
You kill the deep elf sorcerer!
Trog accepts your kill.
Trog appreciates your killing of a magic user.
Visions of slaying the deep elf death mage flood into your mind.
Your orange demon stings the deep elf death mage from afar!
The deep elf death mage looks as sick as possible!
Your orange demon poisons the deep elf death mage!
The deep elf zephyrmancer casts a spell at you.
The bolt of lightning hits your soul eater.
The bolt of lightning hits you!!
* * * LOW HITPOINT WARNING * * *
Your hellwing closely misses the deep elf death mage.
Your hellwing hits the deep elf death mage.
Your Fighting skill increases to level 18!
You are confused.
You feel invigorated.
Visions of slaying the deep elf sorcerer flood into your mind.
Your confusion fades away as the thirst for blood takes over your mind.
You feel less invigorated.
Your orange demon barely misses the deep elf death mage.
Your rust devil hits the deep elf death mage!
Your rust devil corrodes the deep elf death mage!
The deep elf zephyrmancer gestures at you while chanting.
The bolt of lightning hits your soul eater!!
The bolt of lightning hits you!!
You die...

##.## #.. #)#
#.. #.# #.. #.#
#.. #.# ### #$#
######.######
#..)4≈)≈≈...#
#.4e≈@)≈3e..#
#.....≈≈e≈≈§..e.
#.#..4≈≈e≈≈...##
# ######4######


.ee .34. ⌠... .... You could see a deep elf blademaster, a deep elf annihilator,
2 deep elf death magi, a deep elf sorcerer (mesmerising, empowered, drained), a
soul eater (summoned), a deep elf demonologist (empowered), 2 hellwings, a deep
elf zephyrmancer (empowered, ally target), a friendly soul eater (summoned,
unsilenced), a friendly orange demon (summoned), a friendly hellwing (summoned)
and a friendly rust devil (summoned).

Vanquished Creatures
  A deep elf blademaster (Elf:2)
  Gastronok (D:8)
  A deep elf sorcerer (Elf:3)
  A deep elf elementalist (Elf:3)
  2 deep elf annihilators
  3 dire elephants (Lair:5)
  A deep elf high priest (Elf:3)
  Erolcha (D:10)
  The ghost of Thantalas the Grappler, a novice TrFi of Wu Jian (D:8)
  28 dancing weapons
  3 two-headed ogres
  6 death yaks (Lair:5)
  Urug (D:11)
  2 orc high priests
  17 deep elf knights
  2 spectral death yaks (Lair:5)
  A skyshark (Lair:5)
  A spectral anaconda (Lair:5)
  A wizard (D:10)
  4 deep elf archers
  Pikel (D:8)
  14 deep elf pyromancers
  3 necromancers (Lair:5)
  23 deep elf zephyrmancers
  6 orc knights
  A cyclops (D:9)
  8 orc sorcerers
  2 wolf spiders (Lair:5)
  4 black mambas
  15 elephants (Lair:5)
  An orange demon (D:11)
  12 cane toads
  Psyche (D:11)
  4 rime drakes
  5 komodo dragons
  4 trolls
  2 hornets (D:9)
  3 polar bears
  5 saltlings (Orc:2)
  13 blink frogs
  4 air elementals (Elf:1)
  A dire elephant simulacrum (Lair:5)
  A water elemental (Elf:1)
  4 wyverns
  35 yaks
  2 fire elementals
  A basilisk (D:11)
  2 steam dragons (D:8)
  4 vampire mosquitoes (D:10)
  Edmund (D:5)
  2 acid dragons (D:9)
  5 wargs
  11 water moccasins
  A swamp drake (D:10)
  24 orc warriors
  5 black bears
  An elephant zombie (Lair:5)
  7 ice beasts
  An elephant skeleton (Lair:5)
  6 ogres
  6 wolves
  4 centaurs
  A phantom (D:4)
  3 bullfrogs
  A kobold brigand (D:9)
  4 gnoll sergeants
  A cane toad simulacrum (Lair:5)
  4 scorpions
  12 wights
  An elephant simulacrum (Lair:5)
  3 killer bees (D:6)
  3 howler monkeys (D:7)
  2 jellies (D:6)
  An electric eel (Lair:2)
  11 orc priests
  4 hounds
  Natasha (twice) (D:4)
  2 gnoll boudas
  7 iguanas
  18 orc wizards
  26 gnolls
  11 adders
  2 white imps
  2 ufetubi
  A worm (D:5)
  5 dart slugs
  76 orcs
  7 endoplasms
  4 giant cockroaches
  3 goblins
  5 hobgoblins
  7 jackals
  7 kobolds
  3 quokkas
  3 ball pythons
  3 bats
  6 frilled lizards
  4 rats
588 creatures vanquished.

Vanquished Creatures (collateral kills)
  Nessos (Orc:2)
  Snorg (Orc:1)
  A deep elf death mage (Elf:3)
  3 hydras
  A dancing weapon (Elf:2)
  An orc high priest (Orc:2)
  A death yak (Lair:5)
  A deep elf knight (Elf:3)
  Amaemon (D:11)
  A spectral death yak (Lair:5)
  A skyshark (Lair:5)
  2 deep elf archers
  A necromancer (Lair:5)
  4 elephants (Lair:5)
  A cane toad (Lair:3)
  2 black mambas (Lair:5)
  A troll (Orc:2)
  A saltling (Orc:2)
  8 blink frogs
  A snapping turtle (Lair:2)
  8 yaks
  A spectral cane toad (Lair:5)
  4 orc warriors (Orc:2)
  A swamp drake (D:10)
  3 bullfrogs
  2 orc wizards
  A gnoll (D:10)
  14 orcs
  6 pillars of salt (Orc:2)
74 creatures vanquished.

Vanquished Creatures (others)
  A spectral cane toad (Lair:5)
  14 fungi
  14 plants
  14 withered plants (Lair:5)
43 creatures vanquished.

Grand Total: 705 creatures vanquished

Notes
Turn   | Place    | Note
-------+----------+-------------------------------------------
     0 | D:1      | Batma the Minotaur Berserker began the quest for the Orb.
     0 | D:1      | Reached XP level 1. HP: 19/19 MP: 0/0
   265 | D:1      | Reached XP level 2. HP: 27/27 MP: 1/1
  1050 | D:2      | Reached ** piety under Trog
  1059 | D:2      | Reached XP level 3. HP: 33/33 MP: 2/2
  1663 | D:3      | Reached skill level 5 in Maces & Flails
  1663 | D:3      | Reached XP level 4. HP: 39/41 MP: 3/3
  1859 | D:3      | Reached XP level 5. HP: 37/47 MP: 4/4
  2292 | D:4      | Noticed Natasha
  2297 | D:4      | Killed Natasha
  2319 | D:4      | Noticed Natasha
  2325 | D:4      | Killed Natasha
  2393 | D:4      | Identified the +4 trident of the Forging Gods {speed,
                  | *Noise Int+8 Dex+3}
  2409 | D:4      | Found Migyopun's Antique Weapon Emporium.
  2544 | D:4      | Reached XP level 6. HP: 55/55 MP: 5/5
  2749 | D:4      | Found a white marble altar of Elyvilon.
  2847 | D:4      | Reached *** piety under Trog
  2848 | D:4      | Reached skill level 5 in Fighting
  3033 | D:5      | Entered Level 5 of the Dungeon
  3085 | D:5      | Noticed Edmund
  3102 | D:5      | Killed Edmund
  3103 | D:5      | Reached skill level 1 in Stealth
  3138 | D:5      | Found a glowing drain.
  3171 | Sewer    | Entered a sewer
  3220 | Sewer    | Noticed a water moccasin
  3228 | Sewer    | Killed a water moccasin
  3229 | Sewer    | Reached XP level 7. HP: 57/61 MP: 6/6
  3431 | D:5      | Reached skill level 5 in Armour
  3573 | D:5      | Reached XP level 8. HP: 70/70 MP: 7/7
  4127 | D:5      | Found a bloodstained altar of Trog.
  4269 | D:5      | Reached skill level 1 in Throwing
  4454 | D:6      | Found Rohynuol's Book Shop.
  4482 | D:6      | Reached XP level 9. HP: 66/79 MP: 8/8
  4484 | D:6      | Reached skill level 10 in Maces & Flails
  4875 | D:6      | Reached skill level 5 in Dodging
  4877 | D:6      | Reached **** piety under Trog
  4993 | D:6      | Noticed a troll
  5000 | D:6      | Killed a troll
  5006 | D:6      | Found a staircase to the Ecumenical Temple.
  5039 | Temple   | Entered the Ecumenical Temple
  5409 | D:6      | Identified the +1 leather armour "Xoesam" {+Inv}
  6068 | D:7      | Reached XP level 10. HP: 85/88 MP: 9/9
  6398 | D:7      | Reached ***** piety under Trog
  6989 | D:8      | Found Wokas's Armour Emporium.
  7062 | D:8      | Found a hide-covered altar of Uskayaw.
  7063 | D:8      | Noticed a +0 dagger
  7063 | D:8      | Noticed a +0 short sword
  7063 | D:8      | Noticed a +0 spear
  7063 | D:8      | Noticed a +0 falchion
  7063 | D:8      | Noticed a +0 falchion
  7064 | D:8      | Noticed a +0 dagger
  7066 | D:8      | Noticed a +0 short sword
  7067 | D:8      | Noticed a +0 spear
  7073 | D:8      | Noticed Pikel
  7084 | D:8      | Killed Pikel
  7105 | D:8      | Noticed Gastronok
  7124 | D:8      | Killed Gastronok
  7312 | D:8      | Found a sparkling altar of Nemelex Xobeh.
  7365 | D:8      | Noticed Thantalas's ghost (novice TrFi)
  7368 | D:8      | Found a runed translucent door.
  7405 | D:8      | Found Jogiwihou's Antique Armour Emporium.
  7428 | D:8      | Bought a pair of boots for 130 gold pieces
  7833 | D:9      | Paralysed by a hornet for 2 turns
  7840 | D:9      | Reached XP level 11. HP: 45/99 MP: 10/10
  8118 | D:9      | Reached skill level 10 in Armour
  8188 | D:9      | Reached skill level 10 in Fighting
  8833 | D:8      | Killed Thantalas's ghost
  8834 | D:8      | Reached skill level 1 in Axes
  8911 | D:10     | Entered Level 10 of the Dungeon
  8911 | D:10     | Found a staircase to the Orcish Mines.
  9052 | D:10     | Noticed a wizard
  9061 | D:10     | Killed a wizard
  9062 | D:10     | Reached skill level 2 in Axes
  9068 | D:10     | Identified the ring "Niesuh" {rC+ SInv}
  9076 | D:10     | Reached skill level 3 in Axes
  9081 | D:10     | Reached skill level 4 in Axes
  9315 | D:10     | Noticed a two-headed ogre
  9323 | D:10     | Killed a two-headed ogre
  9324 | D:10     | Reached skill level 5 in Axes
  9475 | D:10     | Identified the +4 scale mail of the Lion {rN+ Str+3 SInv
                  | Stlth+}
  9518 | D:10     | Noticed Erolcha
  9533 | D:10     | Killed Erolcha
  9533 | D:10     | Received a gift from Trog
  9534 | D:10     | Reached skill level 6 in Axes
  9922 | D:11     | Noticed a two-headed ogre
  9925 | D:11     | Killed a two-headed ogre
  9926 | D:11     | Reached skill level 7 in Axes
  9997 | D:11     | Reached XP level 12. HP: 110/110 MP: 11/11
  9998 | D:11     | Noticed Urug
 10008 | D:11     | Killed Urug
 10099 | D:11     | Found a staircase to the Lair.
 10115 | D:11     | Reached skill level 8 in Axes
 10172 | D:11     | Found a gate leading to a gauntlet.
 10248 | D:11     | Noticed Amaemon
 10257 | D:11     | Killed Amaemon
 10444 | D:11     | Reached skill level 9 in Axes
 10882 | D:11     | Noticed Psyche
 10889 | D:11     | Killed Psyche
 10966 | Lair:1   | Entered Level 1 of the Lair of Beasts
 11074 | Lair:1   | Reached skill level 10 in Axes
 11096 | Lair:1   | Identified the +4 ring mail of Prudence {rF- rN+ Stlth+}
 11792 | Lair:2   | Noticed a five-headed hydra
 11796 | Lair:2   | Killed a five-headed hydra
 12369 | Lair:2   | Found a staircase to the Shoals.
 12546 | Lair:3   | Reached skill level 11 in Axes
 12694 | Lair:3   | Found a hole to the Spider Nest.
 12824 | Lair:3   | Noticed a four-headed hydra
 12830 | Lair:3   | Killed a five-headed hydra
 13094 | Lair:3   | Reached XP level 13. HP: 119/119 MP: 12/12
 13220 | Lair:3   | Received a gift from Trog
 13531 | Lair:4   | Identified the +3 flail of the Arcadian God {freeze,
                  | +Blink}
 13828 | Lair:4   | You are sucked into a shaft and drop 1 floor!
 13828 | Lair:5   | Entered Level 5 of the Lair of Beasts
 13834 | Lair:5   | Reached skill level 12 in Axes
 14191 | Lair:5   | Reached skill level 13 in Axes
 14420 | Lair:5   | Reached skill level 14 in Axes
 15017 | Lair:5   | Noticed a dire elephant
 15018 | Lair:5   | Noticed a dire elephant
 15087 | Lair:5   | Reached skill level 15 in Axes
 15087 | Lair:5   | Reached XP level 14. HP: 116/132 MP: 13/13
 15169 | Lair:5   | Received a gift from Trog
 15504 | Lair:5   | Reached skill level 16 in Axes
 15659 | Lair:5   | Identified the staff of cold "Baesh" {rC+ rN+ Int+2 Dex+3
                  | Stlth-}
 16003 | Lair:4   | Found a runed translucent door.
 16003 | Lair:4   | Noticed an acid blob
 16004 | Lair:4   | Found a staircase to the Slime Pits.
 16004 | Lair:4   | Noticed an acid blob
 16045 | Lair:4   | Identified a scroll of acquirement
 16046 | Lair:4   | Acquired the +11 plate armour of the Special Coins {Stlth+}
 16445 | Orc:1    | Entered Level 1 of the Orcish Mines
 16452 | Orc:1    | Reached skill level 15 in Fighting
 16452 | Orc:1    | Noticed Snorg
 16460 | Orc:1    | Killed Snorg
 16629 | Orc:1    | Reached skill level 5 in Stealth
 16971 | Orc:2    | Entered Level 2 of the Orcish Mines
 17143 | Orc:2    | Found Ypuso's Jewellery Shop.
 17155 | Orc:2    | Found Foshef's Weapon Shop.
 17194 | Orc:2    | Reached ****** piety under Trog
 17254 | Orc:2    | Found Sipus's Assorted Antiques.
 17284 | Orc:2    | Reached skill level 17 in Axes
 17315 | Orc:2    | Noticed Nessos
 17332 | Orc:2    | Killed Nessos
 17693 | Orc:2    | Found Bokh's Book Boutique.
 17763 | Orc:2    | Received a gift from Trog
 17788 | Orc:2    | Found Onul's Weapon Shop.
 17977 | Orc:2    | Found a staircase to the Elven Halls.
 17985 | Orc:2    | Found Disiow's Jewellery Shop.
 18343 | Orc:2    | Bought the amulet of Noigeis {Acrobat Slay+5} for 754 gold
                  | pieces
 18541 | Orc:2    | Bought a ring of willpower for 350 gold pieces
 18550 | Elf:1    | Entered Level 1 of the Elven Halls
 18551 | Elf:1    | Paralysed by an air elemental for 1 turns
 18670 | Elf:1    | Reached XP level 15. HP: 116/143 MP: 14/14
 19179 | Elf:1    | Reached skill level 18 in Axes
 19321 | Elf:1    | Paralysed by an air elemental for 1 turns
 20230 | Elf:2    | Found Liprorgh's General Store.
 20327 | Elf:2    | Found a magical portal.
 20828 | Elf:2    | Reached skill level 19 in Axes
 21093 | Elf:2    | Found a runed translucent gate.
 21094 | Elf:2    | Found a runed translucent gate.
 21094 | Elf:2    | Found a runed translucent gate.
 21215 | Elf:2    | Noticed a deep elf blademaster
 21227 | Elf:2    | Killed a deep elf blademaster
 21738 | Elf:2    | Reached XP level 16. HP: 130/155 MP: 15/15
 21818 | Elf:2    | Reached skill level 1 in Shields
 21960 | Elf:2    | Reached skill level 15 in Armour
 22448 | Elf:3    | Entered Level 3 of the Elven Halls
 22467 | Elf:3    | Received a gift from Trog
 22864 | Elf:3    | Found Cyploder's Book Shoppe.
 22865 | Elf:3    | Found Pyrece's Jewellery Shop.
 22866 | Elf:3    | Found Daogeh's Book Shoppe.
 22879 | Elf:3    | Bought a +6 ring of strength for 468 gold pieces
 22879 | Elf:3    | Bought a ring of resist corrosion for 260 gold pieces
 22934 | Elf:3    | Noticed a deep elf blademaster
 22946 | Elf:3    | Killed from afar by a deep elf zephyrmancer

Illustrated notes

Levels and vault maps discovered:
D:1:      evilmike_arrival_plus, layout_loops_cross, minmay_misc_feat_tower,
          minmay_fountain_box, minmay_close_crescents
D:2:      layout_loops_ring, mrwooster_statue_mirror
D:3:      layout_loops_ring
D:4:      layout_basic, elyvilon_altar_1, serial_shops, shop,
          hangedman_abyss_or_decor_stabs, uniq_natasha
D:5:      minmay_razor_zed, layout_basic, trog_three_pillars_becter,
          cheibrodos_sewer_entry_drain, uniq_edmund
D:6:      layout_loops_corners, minmay_temple_entry_nine_rooms, serial_shops,
          shop
D:7:      layout_cave_pools, minmay_misc_feat_enclosed
D:8:      layout_cave_pools, lemuel_coloured_pillars_altar,
          nicolae_uskayaw_en_pointe, serial_shops, nicolae_shop_peninsula,
          nicolae_shop_hallway_stairs, hellmonk_ghost_happy_afterlife,
          nicolae_concentric_dashed_squares_mild, uniq_pikel, uniq_gastronok
D:9:      layout_roguey [special_room_orc], st_stairs_14
D:10:     layout_rooms, orc_0_dummy, pond, uniq_erolcha
D:11:     layout_roguey, hellmonk_lair_entry_icy, gauntlet_entry_generic,
          minmay_misc_feat_encased, dreamdust_princess_bridge, uniq_urug,
          uniq_amaemon, uniq_psyche
Temple:   mainiacjoe_temple_coin_purse
Lair:1:   layout_gridlike, st_stairs_12
Lair:2:   minmay_lair_oklob_tunnel, layout_misc_corridors,
          minmay_shoals_entry_hut, infiniplex_staircase_pool
Lair:3:   cheibrodos_lair_river_kwai, layout_small_grid, dummy_spider_entry,
          serial_bayou_shore_b, serial_bayou_shore_b
Lair:4:   layout_gridlike, slime_entry_2
Lair:5:   due_jungle_book, layout_gridlike, nicolae_quartered_pool_little,
          nicolae_lair_run_with_the_wolves, grunt_megastairs_1,
          lemuel_fruit_fields
Orc:1:    layout_diamond_mine, uniq_snorg
Orc:2:    hellmonk_orc_salted, layout_diamond_mine, serial_shops, shop, shop,
          basic_altar, uniq_nessos
Elf:1:    nicolae_elf_arrival_aired_out, layout_loops_cross, evilmike_minifort,
          grunt_ministairs_1
Elf:2:    nicolae_elf_blades_crystal_corner, layout_onion_city, serial_shops,
          nicolae_shop_stone, lightli_enter_wizlab_magi_temple
Elf:3:    elf_hall_gauntlet_narrow, layout_gridlike, minmay_shop_grove

Skill      XL: |  1  2  3  4  5  6  7  8  9 10 11 12 13 14 15 16 |
---------------+-------------------------------------------------+-----
Maces & Flails | 4 5 6 7 8 9 11 13 14 | 14.5
Fighting       | 4 5 6 7 8 9 11 12 14 15 17 18 | 18.0
Armour         | 3 4 6 7 8 9 10 11 12 13 14 15 | 15.5
Dodging        | 3 4 5 6 7 |  7.8
Stealth        | 1 3 4 5 |  5.0
Throwing       | 1 2 3 |  3.5
Axes           | 7 11 15 17 19 | 19.6
Shields        | 2 |  2.1

Action                     |  1- 3 |  4- 6 |  7- 9 | 10-12 | 13-15 | 16-18 || total
---------------------------+-------+-------+-------+-------+-------+-------++-------
  Melee: Mace              |    76 |    53 |       |       |       |       ||   129
         Headbutt          |    11 |    18 |    50 |    76 |   108 |     6 ||   269
         Whip              |       |    42 |       |       |       |       ||    42
         Flail             |       |    21 |   255 |    80 |       |       ||   356
         Punch             |       |     1 |     2 |     1 |     5 |       ||     9
         Dire flail        |       |       |       |   188 |       |       ||   188
         Broad axe         |       |       |       |   165 |   529 |    55 ||   749
  Throw: Stone             |       |       |    27 |    16 |    12 |       ||    55
 Invoke: Berserk           |       |       |     1 |     3 |     5 |       ||     9
         Brothers in Arms  |       |       |       |     2 |       |       ||     2
         Trog's Hand       |       |       |       |     1 |       |     2 ||     3
    Use: Scroll            |       |     9 |     4 |     9 |     5 |     1 ||    28
         Potion            |       |       |       |       |     2 |     2 ||     4
   Stab: Sleeping          |       |       |       |     7 |     4 |       ||    11
         Distracted        |       |       |       |       |     2 |       ||     2
 Armour: Animal skin       |    11 |       |       |       |       |       ||    11
         Chain mail        |    18 |    44 |       |       |       |       ||    62
         Scale mail        |       |    13 |   135 |   134 |    68 |       ||   350
         Plate armour      |       |       |       |       |   169 |    24 ||   193
  Dodge: Dodged            |    32 |    55 |   139 |   182 |   189 |    25 ||   622
  Block: Buckler           |       |       |       |       |     9 |     5 ||    14
